 Dungeon Crawl Stone Soup version 0.27.0-1-g7a089689b8 (webtiles) character file.

Game seed: 5626001329966763891

553 KamiKatze the Shield-Bearer (level 7, -3/44 HPs)
             Began as a Gargoyle Fighter on July 31, 2021.
             Was an Initiate of Okawaru.
             Killed by divine providence
             ... invoked by an orc priest
              (11 damage)
             ... on level 6 of the Dungeon.
             The game lasted 00:11:27 (3984 turns).

KamiKatze the Shield-Bearer (Gargoyle Fighter)      Turns: 3984, Time: 00:11:28

Health: -3/44      AC: 11    Str: 21    XL:     7   Next: 29%
Magic:  7/7        EV:  8    Int:  9    God:    Okawaru [......]
Gold:   117        SH: 11    Dex: 15    Spells: 6/6 levels left

rFire    . . .     SeeInvis .   a - +0 war axe
rCold    . . .     Faith    .   c - +0 kite shield
rNeg     + . .     Spirit   .   b - +0 scale mail
rPois    ∞         Reflect  .   (no helmet)
rElec    +         Harm     .   (no cloak)
rCorr    .         Rampage  .   (no gloves)
Will     .....                  (no boots)
Stlth    ..........             (no amulet)
HPRegen  0.14/turn              p - +6 ring of dexterity
MPRegen  0.10/turn              (no ring)

@: no status effects
A: sickness immunity, AC +4, negative energy resistance 1, electricity
resistance, torment resistance 1, petrification resistance
a: Renounce Religion


You were on level 6 of the Dungeon.
You worshipped Okawaru.
Okawaru was noncommittal.
You visited 2 branches of the dungeon, and saw 7 of its levels.

You collected 155 gold pieces.
You spent 38 gold pieces at shops.

Inventory:

Hand Weapons
 a - a +0 war axe (weapon)
 v - a +2 falchion of electrocution
Missiles
 o - 31 stones (quivered)
Armour
 b - a +0 scale mail (worn)
 c - a +0 kite shield (worn)
 i - a +0 chain mail
 k - a +0 chain mail
 s - a +0 tower shield
Magical Staves
 j - a staff of cold
Jewellery
 p - a +6 ring of dexterity (left hand)
Scrolls
 g - 2 scrolls of immolation {unknown}
 h - a scroll of teleportation {unknown}
 l - a scroll of vulnerability
 q - a scroll of torment {unknown}
 w - a scroll of magic mapping
 x - a scroll of enchant armour {unknown}
Potions
 d - a potion of might
 e - 2 potions of heal wounds
 m - 2 potions of flight
 n - a potion of resistance {unknown}
 r - a potion of mutation {unknown}
 t - 3 potions of curing
 u - a potion of brilliance


   Skills:
 + Level 4.9 Fighting
 * Level 4.6 Axes
 - Level 3.2 Armour
 * Level 6.2 Shields


You had 6 spell levels left.
You didn't know any spells.
Your spell library contained the following spells:

 Spells                   Type           Power      Damage    Failure   Level
 Tukima's Dance           Hex            0%         N/A       100%        3
 Passage of Golubria      Tloc           N/A        N/A       100%        4
 Yara's Violent Unravell  Hex/Tmut       0%         3d3       100%        5


Dungeon Overview and Level Annotations

Branches:
Dungeon (6/15)             Temple (1/1) D:5

Altars:
Ashenzari
Cheibriados
Elyvilon
Gozag
Kikubaaqudgha
Makhleb
Okawaru
Ru
Sif Muna
Trog
Xom
Yredelemnul
The Shining One
Jiyva

Shops:
D:1 !   D:4 **

Annotations:
D:1 w:1 dig for loot
D:5 Eustachio


Innate Abilities, Weirdness & Mutations

You are immune to sickness and miasma.
Your stone body is resilient. (AC +4)
You are immune to poison.
You resist negative energy. (rN+)
You are resistant to electric shocks. (rElec)
You are resistant to unholy torment.
You are immune to petrification.


Message History

You block the phantom's attack.
The orc wizard mumbles some strange words.
The orc wizard flickers and vanishes!
Deactivating autopickup; reactivate with Ctrl-A.
The orc wizard hits you but does no damage.
Unknown command.
Unknown command.
You slash the orc wizard!
You kill the orc wizard!
Okawaru accepts your kill.
You hit the phantom. You hit the wight. You block the phantom's attack.
The wight hits you but does no damage. You block the phantom's attack.
The wight hits you with a +4 short sword.
The wight hits you with a +5 morningstar.
You hit the wight but do no damage. You hit the phantom. You hit the wight.
The phantom hits you but does no damage.
You block the wight's attack.
The wight hits you with a +4 short sword.
Unknown command.
Your shield and scale mail prevent you from hitting the phantom.
The phantom is almost destroyed.
You hit the wight. You barely miss the wight. You block the phantom's attack.
The wight completely misses you.
The wight hits you with a +5 morningstar.
The orc priest casts a cantrip, but nothing happens.
The phantom hits you but does no damage.
The wight hits you with a +4 short sword!
* * * LOW HITPOINT WARNING * * *
The wight hits you with a +5 morningstar!
* * * LOW HITPOINT WARNING * * *
You completely miss the phantom.
The phantom is almost destroyed.
You closely miss the wight. You barely miss the wight.
The phantom barely misses you.
The wight hits you with a +5 morningstar.
* * * LOW HITPOINT WARNING * * *
The wight barely misses you.
The orc priest calls down the wrath of Beogh upon you.
Beogh smites you!
You die... ......# .....# ...^# #..o# #ZZ.# #ozo# #Szz#

#@# #W#
#z# #.#
#.# #.#
#.######
#.<....#
#.####.#


You could see a phantom, 4 wights, an orc priest, an adder, 2 orcs, a bullfrog
zombie and a centaur skeleton.

Vanquished Creatures
  Blork the orc (D:4)
  A scorpion (D:5)
  A hound (D:4)
  3 orc priests
  Jessica (D:3)
  2 iguanas
  3 orc wizards
  3 adders
  An adder skeleton (D:4)
  5 dart slugs
  17 orcs
  A ball python (D:2)
  4 endoplasms
  4 giant cockroaches
  7 goblins
  9 hobgoblins
  8 jackals (D:2)
  3 kobolds
  2 quokkas
  2 bats (D:1)
  3 frilled lizards
  4 rats
85 creatures vanquished.

Vanquished Creatures (others)
  An orc wizard (D:3)
1 creature vanquished.

Grand Total: 86 creatures vanquished

Notes
Turn   | Place    | Note
-------+----------+-------------------------------------------
     0 | D:1      | KamiKatze the Gargoyle Fighter began the quest for the Orb.
     0 | D:1      | Reached XP level 1. HP: 14/14 MP: 1/1
   184 | D:1      | Found a faded altar of an unknown god.
   196 | D:1      | Reached XP level 2. HP: 19/19 MP: 2/2
   328 | D:1      | Found Borch's Distillery.
   374 | D:1      | Reached XP level 3. HP: 23/23 MP: 3/3
   887 | D:2      | Reached skill level 4 in Shields
  1011 | D:2      | Reached XP level 4. HP: 29/29 MP: 4/4
  1157 | D:3      | Noticed Jessica
  1160 | D:3      | Killed Jessica
  1579 | D:3      | Found a burning altar of Makhleb.
  1591 | D:3      | Reached XP level 5. HP: 6/33 MP: 5/5
  2115 | D:4      | Found a glowing golden altar of the Shining One.
  2123 | D:4      | Reached skill level 5 in Shields
  2192 | D:4      | Reached XP level 6. HP: 19/38 MP: 6/6
  2359 | D:4      | Noticed Blork the orc
  2704 | D:4      | Found Fiwizu Azxa's Specific Store.
  2705 | D:4      | Found Atufigumn's General Store.
  2715 | D:4      | Bought a scroll of magic mapping for 38 gold pieces
  2723 | D:4      | Found a shimmering altar of Xom.
  2947 | D:4      | Killed Blork the orc
  3205 | D:4      | Found a sacrificial altar of Ru.
  3266 | D:4      | Reached XP level 7. HP: 38/44 MP: 7/7
  3586 | D:5      | Entered Level 5 of the Dungeon
  3617 | D:5      | Reached skill level 6 in Shields
  3685 | D:5      | Found a staircase to the Ecumenical Temple.
  3693 | Temple   | Entered the Ecumenical Temple
  3827 | Temple   | Became a worshipper of Warmaster Okawaru
  3957 | D:5      | Noticed Eustachio
  3984 | D:6      | Killed from afar by an orc priest

Illustrated notes

Levels and vault maps discovered:
D:1:      lightli_molten_gateway, layout_rooms, serial_shops, shop_fountains,
          ebering_ecumenical_altar_mist, due_unseen_surprise
D:2:      layout_rooms
D:3:      layout_loops_ring, lemuel_tele_altar, uniq_jessica
D:4:      layout_basic, mainiacjoe_overflow_cross_hatched,
          mainiacjoe_overflow_brackets, nicolae_ru_awakened_eye,
          nicolae_specific_store, dk_noncrumbling_4, uniq_blork_the_orc
D:5:      layout_gridville, minmay_temple_entry_mini_moons, uniq_eustachio
D:6:      lemuel_slime, layout_basic, uniq_grinder
Temple:   pf_slime_end_temple

Skill      XL: |  1  2  3  4  5  6  7 |
---------------+----------------------+-----
Axes           | 2 3 4 |  4.6
Shields        | 4 5 6 |  6.2
Fighting       | 4 |  4.9
Armour         | |  3.2

Action                   |  1- 3 |  4- 6 |  7- 9 || total
-------------------------+-------+-------+-------++-------
Melee: War axe           |    99 |   149 |    26 ||   274
Throw: Stone             |       |       |     1 ||     1
  Use: Potion            |       |     4 |       ||     4
       Scroll            |       |     5 |       ||     5
Armor: Scale mail        |    55 |    92 |    11 ||   158
Dodge: Dodged            |    32 |    44 |     7 ||    83
Block: Kite shield       |    66 |    72 |    22 ||   160
